 Dungeon Crawl Stone Soup version 0.29-a0-338-g1ff7896281 (webtiles) character file.

Game seed: 13663000166610615193

12577 spaghetti the Covert (level 11, -4/69 HPs)
             Began as an Octopode Fighter on Apr 18, 2022.
             Was an Elder of Hepliaklqana.
             Killed from afar by a manticore (17 damage)
             ... with a volley of spikes
             ... on level 11 of the Dungeon.
             The game lasted 00:21:10 (12758 turns).

spaghetti the Covert (Octopode Fighter)            Turns: 12758, Time: 00:21:11

Health: -4/69      AC: 11    Str: 23    XL:     11   Next: 95%
Magic:  11/11      EV: 17    Int: 10    God:    Hepliaklqana [****..]
Gold:   609        SH: 17    Dex: 15    Spells: 10/10 levels left

rFire   + + .      SeeInvis .   G - +2 rapier (vamp) {short}
rCold   + . .      Faith    .   B - +0 kite shield
rNeg    . . .      Spirit   .   X - +2 hat {Stlth+}
rPois   +          Reflect  +   d - amulet of reflection
rElec   .          Harm     .   g - ring of protection from fire
rCorr   .          Rampage  .   i - +4 ring of protection
Will    .....      Clarity  +   b - ring of wizardry
Stlth   ++++++++..              K - ring of poison resistance
HPRegen 0.21/turn               F - ring of protection from cold
MPRegen 0.12/turn               P - ring of protection from fire
                                S - +6 ring of strength
                                Z - +4 ring of protection

@: spiked
A: reduced essence, almost no armour, amphibious, 8 rings, camouflage 1,
gelatinous body 1, nimble swimmer 1, tentacles, antennae 1, tentacle spike 1,
clarity
a: Renounce Religion, Recall Ancestor, Ancestor Identity, Transference, Idealise


You were on level 11 of the Dungeon.
You worshipped Hepliaklqana.
Hepliaklqana was greatly pleased with you.
You visited 1 branch of the dungeon, and saw 11 of its levels.

You collected 789 gold pieces.
You spent 180 gold pieces at shops.


Innate Abilities, Weirdness & Mutations

Your life essence is reduced to manifest your ancestor. (-10% HP)
You cannot wear most types of armour.
You are amphibious.
You can wear up to eight rings at the same time.
Your skin changes colour to match your surroundings (Stealth+).
Your rubbery body absorbs attacks. (AC +1, EV +1)
You are camouflaged when in or above water. (Stealth+)
You have tentacles for arms and can constrict up to eight enemies at once.
You have a pair of small antennae on your head.
One of your tentacles bears a spike.
You possess an exceptional clarity of mind.


   Skills:
 + Level 7.9 Fighting
 - Level 2.0 Short Blades
 + Level 11.1 Dodging
 + Level 12.0 Stealth
 * Level 10.8 Shields
 + Level 3.0 Evocations


You had 10 spell levels left.
You didn't know any spells.
Your spell library contained the following spells:

 Spells                   Type           Power      Damage    Failure   Level
 Animate Skeleton         Necr           0%         N/A       32%         1
 Apportation              Tloc           0%         N/A       32%         1
 Magic Dart               Conj           0%         1d3       32%         1
 Summon Small Mammal      Summ           0%         N/A       32%         1
 Call Imp                 Summ           0%         N/A       43%         2
 Static Discharge         Conj/Air       0%         N/A       43%         2
 Frozen Ramparts          Ice            0%         1d2       65%         3
 Mephitic Cloud           Conj/Pois/Air  0%         N/A       65%         3
 Ice Form                 Ice/Tmut       0%         N/A       95%         4
 Summon Ice Beast         Ice/Summ       0%         N/A       95%         4
 Lightning Bolt           Conj/Air       0%         1d11      100%        5
 Maxwell's Capacitive Co  Air            0%         ∞         100%        8

Inventory:

Hand Weapons
 a - a +3 scimitar of flaming {long}
   (You took it off an efreet on level 10 of the Dungeon)
 r - a +1 whip of electrocution {mace}
   (You took it off a kobold on level 2 of the Dungeon)
 G - a +2 vampiric rapier (weapon) {short}
   (You found it on level 6 of the Dungeon)
Missiles
 e - 4 throwing nets {=f!fthrowing}
 l - 162 stones (quivered) {throwing}
 p - 25 poisoned darts {throwing}
 I - 3 curare-tipped darts {=fthrowing}
 L - 4 boomerangs {throwing}
Armour
 B - a +0 kite shield (worn)
   (You bought it in a shop on level 4 of the Dungeon)
 X - a +2 hat of stealth (worn)
   (You found it on level 10 of the Dungeon)
Magical Staves
 R - a staff of earth {!astaff}
   (You found it on level 8 of the Dungeon)
 U - a staff of death {!astaff}
   (You found it on level 9 of the Dungeon)
Jewellery
 b - a ring of wizardry (on tentacle)
   (You found it on level 10 of the Dungeon)
 d - an amulet of reflection (around mantle)
   (You found it on level 1 of the Dungeon)
 g - a ring of protection from fire (left tentacle)
   (You found it on level 1 of the Dungeon)
 i - a +4 ring of protection (right tentacle)
   (You found it on level 1 of the Dungeon)
 m - an amulet of regeneration {@e2}
   (You found it on level 3 of the Dungeon)
 w - a ring of ice
   (You took it off a kobold on level 4 of the Dungeon)
 A - a ring of resist corrosion
   (You found it on level 4 of the Dungeon)
 F - a ring of protection from cold (on tentacle)
   (You found it on level 5 of the Dungeon)
 K - a ring of poison resistance (on tentacle)
   (You found it on level 7 of the Dungeon)
 P - a ring of protection from fire (on tentacle)
   (You found it on level 8 of the Dungeon)
 S - a +6 ring of strength (on tentacle)
   (You found it on level 8 of the Dungeon)
 T - a ring of magical power
   (You found it on level 8 of the Dungeon)
 Z - a +4 ring of protection (on tentacle)
   (You found it on level 11 of the Dungeon)
Wands
 q - a wand of polymorph (8)
   (You took it off Ijyb on level 3 of the Dungeon)
 z - a wand of paralysis (7)
   (You found it on level 4 of the Dungeon)
 C - a wand of digging (5)
   (You found it on level 5 of the Dungeon)
 M - a wand of iceblast (9)
   (You found it on level 7 of the Dungeon)
 V - a wand of charming (4)
   (You found it on level 9 of the Dungeon)
Scrolls
 c - 5 scrolls of immolation {!r!r}
 f - 2 scrolls of fog
 h - 3 scrolls of blinking {!r}
 j - 2 scrolls of teleportation {@r4}
 k - a scroll of fear
 n - 3 scrolls of magic mapping {unknown}
 t - a scroll of amnesia {unknown}
 u - a scroll of torment {unknown}
 x - a scroll of silence {!r}
 y - 3 scrolls of vulnerability {unknown}
 E - 2 scrolls of enchant weapon {unknown}
 H - a scroll of holy word {unknown}
 J - a scroll of enchant armour {unknown}
 O - a scroll of summoning {unknown}
 Q - 4 scrolls of identify {@r1}
 Y - a scroll of noise {unknown}
Potions
 o - 3 potions of magic
 s - 5 potions of curing {@q1}
 v - a potion of ambrosia {unknown}
 D - 2 potions of heal wounds {@q2}
 N - a potion of berserk rage {unknown}
 W - a potion of mutation {!q}

Dungeon Overview and Level Annotations

Branches:
Dungeon (11/15)            Temple (0/1) D:7            Lair (0/6) D:11
    Orc (0/2) D:10

Altars:
Cheibriados
Dithmenos
Fedhas
Hepliaklqana
Kikubaaqudgha
Nemelex Xobeh
Okawaru
Qazlal
Sif Muna
Trog
Wu Jian
Zin
The Shining One

Shops:
D:4 [   D:11 [

Portals:
Abyss: D:8

Annotations:
D:5 2 runed translucent doors, Cecur's ghost, novice DsGl
D:8 2 transporters, sammy202020's ghost, novice DsBe
D:10 Lodul

≈(S....≈≈≈.≈≈..#
.....>..≈≈≈≈...#..#
≈≈≈....≈≈≈≈..≈.#...
≈≈.≈..(.(≈≈≈.......
.≈≈≈≈(≈(≈≈≈........
≈(≈≈≈≈≈(≈≈≈≈......
≈≈≈≈H≈≈≈(..≈≈..## >.
..≈≈≈(≈≈≈.......# . ..
...≈≈≈≈≈@≈......## ..
.. ..........##.....#
... ..
.........##......#...#
#.
.........†#.........#
#.
.........#........#.
#. #...h##.##........#
#. #....###......###.#
#. #..............#..#
#. #............)....#
####


You could see a manticore (fleeing) and a wolf (fleeing).


Message History

A manticore comes into view.
Throw: 166 stones {throwing}
Press: ? - help, Q - select action, (/) - cycle Shift-Dir - straight line, f/p - electric eel
Aim: an electric eel (ally target, 44% to hit)
You throw a stone {throwing}. JoeMomma avoids your attack.
The stone {throwing} barely misses the electric eel.
Throw: 165 stones {throwing}
Press: ? - help, Q - select action, (/) - cycle Shift-Dir - straight line, f/p - electric eel
Aim: an electric eel (ally target, 44% to hit)
You throw a stone {throwing}. JoeMomma avoids your attack.
The stone {throwing} hits the electric eel but does no damage.
You hear a splash.
The electric eel shoots out a bolt of lightning at you!
The bolt of electricity hits you! 😮 HP[-7]
You take 7 damage, and now have 49/69 hp.
The electric eel shoots out a bolt of lightning at you!
The bolt of electricity hits JoeMomma!
The bolt of electricity hits you! 😮 HP[-7]
You take 7 damage, and now have 42/69 hp.
The manticore flicks its tail.
The volley of spikes hits you!
The barbed spikes become lodged in your body.
* * * LOW HITPOINT WARNING * * *
😨 HP[-11]
You take 11 damage, and now have 31/69 hp.
Unknown command.
Unknown command.
Aiming: Iceblast
Press: ? - help, Shift-Dir - straight line, f - manticore
Aim: a manticore (water)
The mass of ice explodes!
The iceblast engulfs the manticore!
Aiming: Iceblast
Press: ? - help, Shift-Dir - straight line, f/p - manticore
Aim: a manticore (moderately wounded, ally target)
The mass of ice explodes!
The iceblast engulfs the manticore!!
You hear a howl!
Aiming: Iceblast
Press: ? - help, Shift-Dir - straight line, f/p - manticore
Aim: a manticore (severely wounded, ally target)
The mass of ice explodes!
The iceblast engulfs the manticore!
JoeMomma points at the manticore and mumbles some strange words.
The manticore easily resists.
The manticore flicks its tail.
The volley of spikes hits JoeMomma!
The barbs in your skin will harm you if you move.
Continue?
The barbed spikes dig painfully into your body as you move.
* * * LOW HITPOINT WARNING * * *
😨 HP[-3]
You take 3 damage, and now have 28/69 hp.
Unknown command.
Unknown command.
Throw: 164 stones {throwing}
Press: ? - help, Q - select action, (/) - cycle Shift-Dir - straight line, f/p - manticore
Aim: a manticore (water, almost dead, not watching you, ally target, 72% to hit)
You throw a stone {throwing}.
The stone {throwing} hits the manticore but does no damage.
You hear a splash.
You carefully extract the barbed spikes from your body.
The manticore flicks its tail.
The volley of spikes hits you.
The barbed spikes become lodged in your body.
* * * LOW HITPOINT WARNING * * *
😨 HP[-3]
You take 3 damage, and now have 25/69 hp.
Unknown command.
Throw: 163 stones {throwing}
Press: ? - help, Q - select action, (/) - cycle Shift-Dir - straight line, f/p - manticore
Aim: a manticore (water, almost dead, ally target, 72% to hit)
You throw a stone {throwing}.
The stone {throwing} hits the manticore but does no damage.
You hear a splash.
JoeMomma hits the manticore with a +0 dagger of draining.
The manticore bites JoeMomma!!
JoeMomma is destroyed!
Throw: 4 darts (curare) {=fthrowing}
Press: ? - help, Shift-Dir - straight line, f/p - manticore
Aim: a manticore (water, almost dead, 72% to hit)
You throw a curare-tipped dart {=fthrowing}.
The curare-tipped dart {=fthrowing} barely misses the manticore.
You hear a splash.
The manticore flicks its tail.
The volley of spikes hits you!
The barbed spikes become lodged in your body.
* * * LOW HITPOINT WARNING * * *
😱 HP[-13]
You take 13 damage, and now have 12/69 hp.
Unknown command.
As you read the scroll of fear, it crumbles to dust.
You assume a fearsome visage.
The wolf looks frightened! x2
The manticore looks frightened! 😱 HP[+1]
Okay, then.
Okay, then.
Okay, then.
Okay, then.
The manticore flicks its tail.
The volley of spikes hits you!
The barbed spikes become lodged in your body.
You die...

Skill      XL: |  1  2  3  4  5  6  7  8  9 10 11 |
---------------+----------------------------------+-----
Stealth        | 2 3 4 5 6 7 8 9 10 12 | 12.0
Dodging        | 4 5 7 9 10 11 | 11.1
Shields        | 5 7 9 10 | 10.8
Fighting       | 4 5 6 7 |  7.9
Evocations     | 3 |  3.0
Short Blades   | |  2.0

Action                   |  1- 3 |  4- 6 |  7- 9 | 10-12 || total
-------------------------+-------+-------+-------+-------++-------
Melee: Rapier            |    70 |    22 |     9 |   226 ||   327
       Constrict         |    23 |    26 |    29 |    24 ||   102
       Tentacles         |    12 |    25 |    39 |    56 ||   132
       Punch             |     1 |     1 |     4 |     6 ||    12
       Whip              |       |    81 |   134 |       ||   215
       Kick              |       |       |    23 |    72 ||    95
Throw: Stone             |       |    73 |   208 |   238 ||   519
       Dart              |       |       |       |     3 ||     3
Invok: Ancestor Identity |       |       |     1 |       ||     1
       Ancestor Life: He |       |       |     1 |       ||     1
Evoke: Wand              |       |       |     1 |     3 ||     4
  Use: Potion            |       |     4 |     6 |     2 ||    12
       Scroll            |       |       |       |     7 ||     7
 Stab: Sleeping          |     6 |     6 |     2 |     5 ||    19
       Confused          |       |       |     1 |     5 ||     6
       Distracted        |       |       |     1 |     2 ||     3
       Paralysed         |       |       |     1 |       ||     1
Armor: Skin              |     8 |    14 |    12 |    31 ||    65
Dodge: Dodged            |    15 |    46 |    51 |   108 ||   220
Block: Buckler           |    26 |    39 |       |       ||    65
       Reflection        |       |     2 |     9 |    13 ||    24
       Kite shield       |       |     1 |    82 |   225 ||   308

Levels and vault maps discovered:
D:1:      dpeg_arrival_pits, layout_loops_ring
D:2:      minmay_recursive_quarters, layout_basic
D:3:      layout_loops_corners, worldfamousw_hep_ancestral_shrine,
          amethyst_overflow_temple_binary,
          grunt_temple_overflow_growth_and_decay, uniq_ijyb
D:4:      layout_basic, mainiacjoe_overflow_catwalk, serial_shops, shop,
          serial_bayou_pond_c
D:5:      layout_basic, ebering_ghost_disaster_area, dk_vineyard_1,
          kennysheep_generic_room_5, uniq_prince_ribbit1, uniq_pikel,
          uniq_menkaure
D:6:      minmay_inner_zag, layout_basic, mainiacjoe_overflow_24_doors,
          trog_antimagical, minmay_misc_feat_diagonals
D:7:      layout_rooms, mainiacjoe_overflow_concentric_impassable, minitemple,
          minmay_temple_entry_proselytizer
D:8:      layout_layer_cave, gammafunk_ghost_abyssal_escape
D:9:      layout_basic, mainiacjoe_overflow_small_starburst
D:10:     minmay_curly_fans, layout_cave_pools,
          nemelex_xobeh_ov_fountains_minmay, orc_david_3, uniq_lodul
D:11:     old_forge, layout_cave_pools, erik_lair_island, serial_shops,
          nicolae_shop_statue_plus, cheibriados_altar_1, uniq_harold

Notes
Turn   | Place    | Note
-------+----------+-------------------------------------------
     0 | D:1      | spaghetti the Octopode Fighter began the quest for the Orb.
     0 | D:1      | Reached XP level 1. HP: 16/16 MP: 1/1
     0 | D:1      | magus.rc [v1.9.6]
    40 | D:1      | Reached skill level 1 in Stealth
   310 | D:1      | Reached skill level 2 in Stealth
   346 | D:1      | Reached XP level 2. HP: 18/21 MP: 2/2
   459 | D:1      | Reached skill level 3 in Stealth
   549 | D:1      | Reached XP level 3. HP: 26/26 MP: 3/3
  1038 | D:2      | Reached skill level 4 in Stealth
  1427 | D:2      | Reached XP level 4. HP: 29/31 MP: 4/4
  1437 | D:2      | Reached skill level 4 in Dodging
  2046 | D:3      | Reached XP level 5. HP: 27/36 MP: 5/5
  2056 | D:3      | Reached skill level 5 in Stealth
  2505 | D:3      | Found a blossoming altar of Fedhas.
  2505 | D:3      | Found an ancient bone altar of Kikubaaqudgha.
  2593 | D:3      | Noticed Ijyb
  2603 | D:3      | Killed Ijyb
  2767 | D:3      | Found a glowing silver altar of Zin.
  2768 | D:3      | Found a glowing golden altar of the Shining One.
  2847 | D:3      | Reached skill level 5 in Dodging
  3162 | D:3      | Found a hazy altar of Hepliaklqana.
  3282 | D:3      | Became a worshipper of Hepliaklqana the Forgotten
  3296 | D:4      | Noticed a centaur
  3304 | D:4      | Killed a centaur
  3305 | D:4      | Reached XP level 6. HP: 31/42 MP: 6/6
  3393 | D:4      | Reached skill level 6 in Stealth
  3642 | D:4      | Found Lorabyoh's Armour Shoppe.
  3647 | D:4      | Bought a +0 kite shield for 63 gold pieces
  3703 | D:4      | Reached XP level 7. HP: 41/46 MP: 7/7
  3788 | D:4      | Reached skill level 6 in Dodging
  3883 | D:4      | You pick up a book of Lightning and begin reading...
  3883 | D:4      | You add the spells Static Discharge, Lightning Bolt and
                  | Maxwell's Capacitive Coupling to your library.
  3886 | D:4      | Reached * piety under Hepliaklqana
  3894 | D:4      | Found a shimmering blue altar of Sif Muna.
  4377 | D:4      | You pick up a book of Minor Magic and begin reading...
  4377 | D:4      | You add the spells Magic Dart, Call Imp and Mephitic Cloud
                  | to your library.
  4484 | D:5      | Entered Level 5 of the Dungeon
  4487 | D:5      | Found a large runed translucent door.
  4487 | D:5      | Found a large runed translucent door.
  4507 | D:5      | Reached skill level 4 in Shields
  4809 | D:5      | Noticed Pikel
  4835 | D:5      | Killed Pikel
  4836 | D:5      | Reached skill level 4 in Fighting
  4836 | D:5      | Reached skill level 7 in Dodging
  4836 | D:5      | Reached skill level 7 in Stealth
  4836 | D:5      | Reached skill level 5 in Shields
  4836 | D:5      | Reached XP level 8. HP: 42/48 MP: 8/8
  5310 | D:5      | Reached skill level 8 in Stealth
  5596 | D:5      | Noticed Menkaure
  5604 | D:5      | Gained mutation: You have a pair of small antennae on your
                  | head. [potion of mutation]
  5604 | D:5      | Gained mutation: You possess an exceptional clarity of
                  | mind. [potion of mutation]
  5604 | D:5      | Gained mutation: One of your tentacles bears a spike.
                  | [potion of mutation]
  5607 | D:5      | Killed Menkaure
  5608 | D:5      | Reached XP level 9. HP: 16/53 MP: 9/9
  5850 | D:5      | Reached skill level 6 in Shields
  5863 | D:5      | Noticed Prince Ribbit
  5871 | D:5      | Reached skill level 8 in Dodging
  5880 | D:5      | Killed Prince Ribbit
  6203 | D:5      | Reached skill level 5 in Fighting
  6575 | D:5      | Noticed Cecur's ghost (novice DsGl)
  7060 | D:6      | Reached skill level 9 in Stealth
  7103 | D:6      | Found a snail-covered altar of Cheibriados.
  7118 | D:6      | Reached ** piety under Hepliaklqana
  7119 | D:6      | Remembered your ancestor JoeMomma as a hexer
  7192 | D:6      | Reached skill level 7 in Shields
  7426 | D:6      | Reached skill level 9 in Dodging
  7724 | D:6      | Found a bloodstained altar of Trog.
  7731 | D:6      | Reached XP level 10. HP: 61/61 MP: 10/10
  7994 | D:7      | Found a staircase to the Ecumenical Temple.
  8080 | D:7      | Found an iron altar of Okawaru.
  8093 | D:7      | You pick up a book of Rime and begin reading...
  8093 | D:7      | You add the spells Frozen Ramparts, Ice Form and Summon Ice
                  | Beast to your library.
  8151 | D:7      | Reached skill level 6 in Fighting
  8151 | D:7      | Reached skill level 8 in Shields
  8378 | D:7      | Found a shadowy altar of Dithmenos.
  8382 | D:7      | Found a stormy altar of Qazlal.
  8745 | D:8      | Found a transporter.
  8759 | D:8      | Found a one-way gate to the infinite horrors of the Abyss.
  8759 | D:8      | Noticed sammy202020's ghost (novice DsBe)
  8773 | D:8      | Reached skill level 10 in Stealth
  8947 | D:8      | Noticed a worldbinder
  9011 | D:8      | Reached skill level 10 in Dodging
  9140 | D:8      | Found a transporter.
  9162 | D:8      | Noticed a toenail golem
  9465 | D:8      | You pick up a book of Cantrips and begin reading...
  9465 | D:8      | You add the spells Animate Skeleton, Summon Small Mammal
                  | and Apportation to your library.
  9841 | D:9      | Noticed a two-headed ogre
  9853 | D:9      | Killed a two-headed ogre
  9982 | D:9      | Reached *** piety under Hepliaklqana
  9995 | D:9      | Reached skill level 9 in Shields
 10708 | D:9      | Reached XP level 11. HP: 66/66 MP: 11/11
 10719 | D:9      | Reached skill level 7 in Fighting
 10719 | D:9      | Reached skill level 11 in Stealth
 10953 | D:9      | Found an ornate altar of the Wu Jian Council.
 11201 | D:10     | Entered Level 10 of the Dungeon
 11302 | D:10     | Reached skill level 10 in Shields
 11302 | D:10     | Noticed a two-headed ogre
 11324 | D:10     | Killed a two-headed ogre
 11325 | D:10     | Reached skill level 1 in Evocations
 11568 | D:10     | Found a sparkling altar of Nemelex Xobeh.
 11586 | D:10     | Found a staircase to the Orcish Mines.
 12035 | D:10     | Reached skill level 2 in Evocations
 12047 | D:10     | Noticed a two-headed ogre
 12052 | D:10     | Noticed a two-headed ogre
 12052 | D:10     | Noticed a two-headed ogre
 12052 | D:10     | Noticed a two-headed ogre
 12052 | D:10     | Noticed a two-headed ogre
 12054 | D:10     | Noticed Lodul
 12184 | D:10     | Reached **** piety under Hepliaklqana
 12199 | D:10     | Reached skill level 11 in Dodging
 12367 | D:10     | Killed a two-headed ogre
 12608 | D:11     | Found Awkewk's Antique Armour Shop.
 12643 | D:11     | Bought a tower shield for 117 gold pieces
 12680 | D:11     | Reached skill level 12 in Stealth
 12698 | D:11     | Reached skill level 3 in Evocations
 12728 | D:11     | Found a staircase to the Lair.
 12745 | D:11     | Noticed a manticore
 12756 | D:11     | HP: 12/69 [manticore/volley of spikes (13)]
 12758 | D:11     | Killed from afar by a manticore

Vanquished Creatures
  A two-headed ogre (D:10)
  Pikel (D:5)
  An efreet (D:10)
  A hornet (D:9)
  A troll (D:11)
  A blink frog (shapeshifter) (D:10)
  Prince Ribbit (D:5)
  A vampire (D:10)
  A steam dragon (D:9)
  15 yaks
  Menkaure (D:5)
  An acid dragon (D:9)
  3 orc warriors
  A sky beast (D:6)
  A black bear (D:7)
  3 centaurs
  3 wolves (D:11)
  5 ogres
  A phantom (D:6)
  2 kobold brigands
  A gnoll sergeant (D:11)
  A necrophage (D:6)
  4 bullfrogs
  5 scorpions
  2 wights (D:8)
  5 killer bees (D:8)
  4 howler monkeys
  An electric eel (D:11)
  4 hounds
  4 orc priests
  2 jellies
  Ijyb (D:3)
  A hexer (D:10)
  4 orc wizards
  16 gnolls
  15 adders
  4 white imps
  3 worms
  2 dart slugs (D:5)
  18 orcs
  5 bats
  4 endoplasms
  9 giant cockroaches
  4 goblins
  7 hobgoblins
  6 jackals
  5 quokkas
  5 ball pythons
  6 frilled lizards
  11 kobolds
  9 rats
213 creatures vanquished.

Vanquished Creatures (collateral kills)
  2 two-headed ogres
  A gargoyle (D:10)
  5 yaks
  2 water moccasins
  4 orc warriors
  An ice beast (D:7)
  4 ogres
  A centaur (D:8)
  2 gnoll sergeants
  A bullfrog (D:6)
  A scorpion (D:6)
  3 wights (D:8)
  6 killer bees (D:8)
  2 howler monkeys
  A hound (D:4)
  A jelly (D:6)
  5 orc priests
  An adder (D:5)
  An ufetubus (D:5)
  A worm (D:5)
  12 orcs
  8 kobolds
65 creatures vanquished.

Vanquished Creatures (others)
  A kobold brigand (D:5)
  5 hexers
  5 ancestors (D:5)
  5 plants (D:4)
16 creatures vanquished.

Grand Total: 294 creatures vanquished

Table legend:
 A = Non-vault XP
 B = Vault XP
 C = Vault XP percentage of total XP
 D = Non-vault monster count
 E = Vault monster count
 F = Vault count percentage of total count
                 A         B        C        D         E       F
            +---------+---------+-------+---------+---------+-------
      Total |   14084 |    3884 |  21.6 |     237 |      41 |  14.7
            +---------+---------+-------+---------+---------+-------
        D:1 |      42 |       0 |   0.0 |      25 |       0 |   0.0
        D:2 |      44 |      74 |  62.7 |      20 |       9 |  31.0
        D:3 |     111 |      36 |  24.5 |      23 |       1 |   4.2
        D:4 |     655 |       0 |   0.0 |      21 |       0 |   0.0
        D:5 |     960 |    1280 |  57.1 |      30 |       6 |  16.7
        D:6 |    1085 |     603 |  35.7 |      20 |       9 |  31.0
        D:7 |     848 |      41 |   4.6 |      17 |       1 |   5.6
        D:8 |    1892 |       0 |   0.0 |      38 |       0 |   0.0
        D:9 |    4199 |       0 |   0.0 |      20 |       0 |   0.0
       D:10 |    3847 |    1077 |  21.9 |      15 |       8 |  34.8
       D:11 |     401 |     773 |  65.8 |       8 |       7 |  46.7
            +---------+---------+-------+---------+---------+-------

Illustrated notes

Table legend:
 A = Kills in this place as a percentage of kills in entire the game.
 B = Kills by you in this place as a percentage of kills by you in the entire game.
 C = Kills by friends in this place as a percentage of kills by friends in the entire game.
 D = Other kills in this place as a percentage of other kills in the entire game.
 E = Experience gained in this place as a percentage of experience gained in the entire game.
 F = Experience gained in this place divided by the number of levels of this place that you have seen.
                   A       B       C       D       E      F
               +-------+-------+-------+-------+-------+----------------------
         Total | 100.0 | 100.0 | 100.0 | 100.0 | 100.0 | 1633.5
       Dungeon | 100.0 | 100.0 | 100.0 | 100.0 | 100.0 | 1633.5
               +-------+-------+-------+-------+-------+----------------------

Table legend: (Time is in decaauts)
 A = Elapsed time spent in this place.
 B = Non-inter-level travel time spent in this place.
 C = Inter-level travel time spent in this place.
 D = Time resting spent in this place.
 E = Time spent auto-exploring this place.
 F = Levels seen in this place.
 G = Mean time per level.
                   A        B        C        D        E       F      G
               +--------+--------+--------+--------+--------+-----+--------+
         Total |  12974 |  12355 |    619 |   2793 |   7349 |  11 | 1179.5 |
       Dungeon |  12974 |  12355 |    619 |   2793 |   7349 |  11 | 1179.5 |
               +--------+--------+--------+--------+--------+-----+--------+

Top non-repeatable levels by time:
     D:5: 1979 daAuts
     D:9: 1689 daAuts
     D:4: 1452 daAuts
     D:8: 1408 daAuts
     D:3: 1262 daAuts
     D:6: 1249 daAuts
     D:1: 1041 daAuts
     D:2: 999 daAuts
    D:10: 957 daAuts
     D:7: 601 daAuts
    D:11: 333 daAuts
